 Dungeon Crawl Stone Soup version 0.20.1-1-g8b1a95d (webtiles) character file.

466 veneficus the Sneak (level 6, -1/28 HPs)
             Began as a Spriggan Enchanter on Oct 30, 2017.
             Slain by Zgarb's ghost (4 damage)
             ... on level 4 of the Dungeon.
             The game lasted 00:07:38 (4942 turns).

veneficus the Sneak (Spriggan Enchanter)            Turns: 4942, Time: 00:07:39

Health: -1/28      AC:  2    Str:  4    XL:     6   Next: 81%
Magic:  1/14       EV: 19    Int: 18    God:
Gold:   185        SH:  0    Dex: 17    Spells: 6/15 levels left

rFire    . . .     SeeInvis +   a - +1 dagger
rCold    + . .     Gourm    .   (shield restricted)
rNeg     . . .     Faith    .   m - +0 robe {rF+}
rPois    +         Spirit   .   (helmet restricted)
rElec    .         Reflect  .   (no cloak)
rCorr    .         Harm     .   (gloves unavailable)
MR       +....                  (boots unavailable)
Stlth    ++++......             (no amulet)
Regen    0.1/turn               e - ring of ice
MPRegen  0.2/turn               h - ring of poison resistance

@: very slightly contaminated, very quick
A: unfitting armour, see invisible, herbivore 3, speed 3, slow metabolism 2
a: no special abilities


You were on level 4 of the Dungeon.
You were very hungry.

You visited 1 branch of the dungeon, and saw 4 of its levels.

You collected 185 gold pieces.

Inventory:

Hand Weapons
 a - a +1 dagger (weapon)
Missiles
 i - 13 poisoned needles
Armour
 m - a +0 robe of fire resistance (worn)
Jewellery
 e - a ring of ice (left hand)
 h - a ring of poison resistance (right hand)
Wands
 n - a wand of flame (27/48)
Scrolls
 g - 4 scrolls of identify {unknown}
 j - a scroll of remove curse {unknown}
 k - 2 scrolls of amnesia {unknown}
 l - 2 scrolls of teleportation {unknown}
 q - a scroll of enchant armour {unknown}
Potions
 b - a potion of flight {unknown}
 f - a potion of brilliance {unknown}
 o - 2 potions of curing {unknown}
Books
 c - a book of Maledictions

   Spells                             Type                      Level
   a - Corona                         Hexes                        1
   b - Ensorcelled Hibernation        Hexes/Ice                    2
   c - Confuse                        Hexes                        3
   d - Tukima's Dance                 Hexes                        3
   e - Dazzling Spray                 Conjuration/Hexes            3
Comestibles
 d - 2 bread rations
 p - a royal jelly


   Skills:
 - Level 1.1 Short Blades
 + Level 4.1 Dodging
 + Level 7.6 Stealth
 - Level 5.0 Spellcasting
 + Level 6.2 Hexes


You had 6 spell levels left.
You knew the following spells:

 Your Spells              Type           Power        Failure   Level  Hunger
a - Corona                Hex            ####...      1%          1    None
b - Confuse               Hex            ####....     3%          3    ##.....
c - Dazzling Spray        Conj/Hex       ###...       11%         3    ##.....
z - Ensorcelled Hibernat  Hex/Ice        ###...       5%          2    #......


Dungeon Overview and Level Annotations

Branches:
Dungeon (4/15)
 Temple: D:4-7

Altars:
Ashenzari
Cheibriados
Elyvilon
Makhleb
Nemelex Xobeh
Vehumet
Zin

Annotations:
D:4 Zgarb's ghost, amateur GrEE


Innate Abilities, Weirdness & Mutations

You are very small and have problems with some larger weapons.
You are too small for most types of armour.
You have supernaturally acute eyesight. (SInv)
You are a herbivore.
You cover ground extremely quickly.
You need consume almost no food.


Message History

Casting: Confuse
Confirm with . or Enter, or press ? or * to list all spells.
Aiming: Confuse
Press: ? - help, Shift-Dir - straight line, f/p - Zgarb's ghost
Aim: Zgarb's ghost (chance to defeat MR: 37%) Zgarb's ghost resists with some effort.
Casting: Confuse
Confirm with . or Enter, or press ? or * to list all spells.
Aiming: Confuse
Press: ? - help, Shift-Dir - straight line, f/p - Zgarb's ghost
Aim: Zgarb's ghost (chance to defeat MR: 37%) Zgarb's ghost resists with some effort.
Casting: Confuse
Confirm with . or Enter, or press ? or * to list all spells.
Aiming: Confuse
Press: ? - help, Shift-Dir - straight line, f/p - Zgarb's ghost
Aim: Zgarb's ghost (chance to defeat MR: 37%) Zgarb's ghost appears confused.
Zgarb's ghost hits you.
You die...

#.# #.#
# #.#
####.#
#.#
#.)).#
#.#
#)####
#.# #.#
#.# #.#
#.###.#
#.@W..#
#######


You could see Zgarb's ghost (confused).

Vanquished Creatures
  Sigmund (D:2)
  A howler monkey (D:4)
  An orc priest (D:4)
  2 orc wizards
  Ijyb (D:3)
  8 adders
  An ooze (D:3)
  2 worms (D:2)
  A dart slug (D:3)
  4 leopard geckos
  4 orcs
  5 bats
  4 giant cockroaches
  6 goblins
  7 hobgoblins
  5 jackals
  10 kobolds
  A frilled lizard (D:3)
  4 rats
68 creatures vanquished.

Notes
Turn   | Place    | Note
-------+----------+-------------------------------------------
     0 | D:1      | veneficus the Spriggan Enchanter began the quest for the Orb.
     0 | D:1      | Reached XP level 1. HP: 9/9 MP: 5/5
   179 | D:1      | Reached XP level 2. HP: 9/13 MP: 7/7
   199 | D:1      | Learned a level 2 spell: Ensorcelled Hibernation
  2224 | D:2      | Reached XP level 3. HP: 16/16 MP: 8/8
  2687 | D:2      | Reached skill level 5 in Stealth
  3125 | D:2      | Found a faded altar of an unknown god.
  3168 | D:2      | Reached XP level 4. HP: 20/21 MP: 10/10
  3328 | D:2      | Noticed Sigmund
  3354 | D:2      | Killed Sigmund
  3354 | D:2      | Reached skill level 6 in Stealth
  3354 | D:2      | Reached skill level 5 in Hexes
  3354 | D:2      | Reached XP level 5. HP: 14/24 MP: 2/13
  3628 | D:3      | Found a shattered altar of Ashenzari.
  3722 | D:3      | Reached XP level 6. HP: 20/28 MP: 9/14
  3728 | D:3      | Reached skill level 5 in Spellcasting
  3901 | D:3      | Learned a level 3 spell: Confuse
  3905 | D:3      | Learned a level 3 spell: Dazzling Spray
  3972 | D:3      | Reached skill level 7 in Stealth
  4122 | D:3      | Found a white marble altar of Elyvilon.
  4123 | D:3      | Found a snail-covered altar of Cheibriados.
  4158 | D:3      | Noticed Ijyb
  4168 | D:3      | Killed Ijyb
  4635 | D:3      | Found a radiant altar of Vehumet.
  4721 | D:3      | Found a sparkling altar of Nemelex Xobeh.
  4721 | D:3      | Found a glowing silver altar of Zin.
  4722 | D:3      | Found a burning altar of Makhleb.
  4908 | D:4      | Noticed Zgarb's ghost (amateur GrEE)
  4942 | D:4      | Slain by Zgarb's ghost

Skill      XL: |  1  2  3  4  5  6 |
---------------+-------------------+-----
Spellcasting   | 3 4 5 |  5.0
Hexes          | 4 5 6 |  6.2
Stealth        | 5 6 7 |  7.6
Dodging        | 4 |  4.1
Short Blades   | |  1.1

Action                   |  1- 3 |  4- 6 || total
-------------------------+-------+-------++-------
Melee: Dagger            |   166 |    70 ||   236
 Cast: Ensorcelled Hiber |    20 |    18 ||    38
       Confuse           |       |     3 ||     3
Evoke: Wand              |       |     1 ||     1
 Stab: Sleeping          |    21 |    24 ||    45
  Eat: Fruit             |       |     2 ||     2
Armor: Robe              |     7 |     4 ||    11
Dodge: Dodged            |   149 |    38 ||   187
